Map: King's Cove LE

Players

wootwoot - Winner!

  • Race: Protoss Protoss
  • League: Silver
  • Spawn Location: 5:00

zahin

  • Race: Zerg Zerg
  • League: Silver
  • Spawn Location: 11:00

VOD

Have the link to the VOD?

Description

Time

  • Played on: April 1, 2025, 5:05 p.m.
  • Length: 5:41
Show
View Real Time Build Order
Export as new Build Order

wootwoot Protoss - Winner!

Build Orders: 1 Gate Expand 

Get SALT Encoding   

  12  0:00  Probe  
  13  0:12  Probe  
  14  0:18  Pylon  
  14  0:24  Probe  
  15  0:34  Probe  
  15  0:40  Gateway  
  15  0:42  Probe  
  16  0:48  Assimilator  
  17  0:51  Probe  
  18  1:03  Probe  
  19  1:15  Probe  
  20  1:26  Nexus  
  20  1:36  Cybernetics Core  
  20  1:41  Assimilator  
  20  1:48  Pylon  
  20  1:50  Probe  
  21  2:02  Adept  
  21  2:03  Probe  
  22  2:12  Warp Gate  
  22  2:15  Probe  
  25  2:25  Stargate  
  25  2:27  Probe  
  26  2:38  Probe  
  26  2:39  Probe  
  28  2:45  Twilight Council  
  28  2:50  Probe  
  30  2:51  Probe  
  30  2:59  Charge  
  30  3:02  Probe  
  30  3:03  Probe  
  32  3:06  Void Ray  
  36  3:15  Probe x2  
  38  3:31  Probe  
  38  3:32  Probe  
  40  3:44  Probe  
  40  3:45  Probe  
  40  3:47  Gateway  
  42  3:49  Gateway  
  42  3:50  Gateway  
  42  3:52  Gateway  
  42  3:58  Gateway  
  42  4:06  Gateway  
  42  4:12  Pylon  
  42  4:14  Pylon  
  47  4:31  Probe x2  
  47  4:33  Void Ray  
  47  4:34  Zealot  
  50  4:39  Pylon  
  50  4:45  Zealot x3  
  56  4:51  Zealot  
  58  4:58  Zealot x2  
  62  5:03  Zealot  
  62  5:06  Zealot x3  
  70  5:13  Pylon  
  70  5:16  Pylon  
  70  5:28  Pylon  
  70  5:34  Zealot x2  
  70  5:35  Zealot x3  
Show
View Real Time Build Order
Export as new Build Order

zahin Zerg 

Build Orders: Hatch First 

Get SALT Encoding   

  12  0:00  Drone  
  13  0:11  Drone  
  14  0:17  Overlord  
  14  0:36  Drone x3  
  17  0:50  Drone  
  17  0:55  Hatchery  
  17  1:09  Spawning Pool  
  16  1:12  Drone  
  17  1:26  Drone x2, Extractor  
  18  1:34  Drone  
  19  1:52  Overlord  
  19  1:54  Drone  
  20  2:03  Drone  
  21  2:09  Queen  
  21  2:10  Queen  
  21  2:12  Zergling x2  
  21  2:13  Zergling x2  
  27  2:41  Metabolic Boost  
  27  2:51  Queen  
  27  2:57  Drone x5  
  34  3:12  Overlord  
  34  3:15  Drone  
  34  3:16  Drone  
  36  3:23  Hatchery  
  35  3:30  Queen  
  37  3:35  Drone  
  37  3:36  Drone x6  
  44  3:49  Overlord  
  44  3:53  Overlord x2  
  44  3:54  Overlord  
  44  4:03  Spore Crawler  
  44  4:05  Spore Crawler  
  42  4:35  Queen  
  44  4:42  Drone  
  44  4:43  Drone x14  
  59  4:48  Queen  
  59  4:49  Queen  
  63  5:02  Drone x4  
  63  5:04  Spore Crawler  
  66  5:10  Extractor  
  66  5:11  Extractor  
  64  5:23  Extractor  
  64  5:25  Roach Warren  
  64  5:26  Spine Crawler  
Tags
 
Add a new tag
Caveats
  • Supply blocks, unpowered buildings, or Contaminate may cause inaccurate times.
  • Supply counts are checked every 10 seconds.